 Dungeon Crawl Stone Soup version 0.29.1-12-g30fa7ad0bf (webtiles) character file.

Game seed: 2172756505060391361

50 KittyFluff the Cudgeller (level 3, 0/23 HPs)
             Began as a Gargoyle Berserker on Dec 25, 2022.
             Was a Believer of Trog.
             Slain by Crazy Yiuf
             ... wielding a +2 quarterstaff of chaos
              (11 damage)
             ... on level 2 of the Dungeon.
             The game lasted 00:05:57 (1391 turns).

KittyFluff the Cudgeller (Gargoyle Berserker)       Turns: 1391, Time: 00:05:57

Health: 0/23       AC:  9    Str: 22    XL:     3   Next: 79%
Magic:  3/3        EV: 12    Int:  7    God:    Trog [**....]
Gold:   24         SH:  0    Dex:  9    Spells: 2/2 levels left

rFire   . . .      SeeInvis .   a - +0 mace
rCold   . . .      Faith    .   (no shield)
rNeg    + . .      Spirit   .   b - +0 animal skin
rPois   ∞          Reflect  .   k - +0 helmet
rElec   +          Harm     .   (no cloak)
rCorr   .          Rampage  .   f - +0 pair of gloves
Will    .....                   i - +1 pair of boots {Fly}
Stlth   +.........              (no amulet)
HPRegen 0.07/turn               (no ring)
MPRegen 0.08/turn               (no ring)

@: flying
A: sickness immunity, AC +3, negative energy resistance 1, electricity
resistance, torment resistance 1, petrification resistance
a: Renounce Religion, Berserk, Trog's Hand


You were on level 2 of the Dungeon.
You worshipped Trog.
Trog was pleased with you.
You visited 1 branch of the dungeon, and saw 2 of its levels.

You collected 24 gold pieces.

Inventory:

Hand Weapons
 a - a +0 mace (weapon)
 g - a +0 sling
Missiles
 c - 2 javelins (quivered)
 d - 2 boomerangs
Armour
 b - a +0 animal skin (worn)
 f - a +0 pair of gloves (worn)
 i - a +1 pair of boots of flying (worn)
 k - a +0 helmet (worn)
Scrolls
 j - a scroll of fear {unknown}
Potions
 e - 2 potions of curing {unknown}
 h - a potion of mutation {unknown}
 l - a potion of resistance {unknown}


   Skills:
 + Level 3.5 Fighting
 * Level 4.1 Maces & Flails
 * Level 2.6 Armour
 + Level 1.8 Dodging


You had 2 spell levels left.
You didn't know any spells.
Your spell library was empty.

Dungeon Overview and Level Annotations

Branches:
Dungeon (2/15)

Altars:

Shops:
D:2 !

Annotations:
D:2 Crazy Yiuf


Innate Abilities, Weirdness & Mutations

You are immune to sickness and miasma.
Your stone body is resilient. (AC +3)
You are immune to poison.
You resist negative energy. (rN+)
You are resistant to electric shocks. (rElec)
You are resistant to unholy torment.
You are immune to petrification.


Message History

You kill the endoplasm!
Trog accepts your kill.
A goblin comes into view. It is wielding a +0 club.
The goblin shouts!
You closely miss the goblin. The goblin hits you with a +0 club.
You closely miss the goblin. The goblin hits you with a +0 club.
A dart slug comes into view.
You sock the goblin!
You kill the goblin!
Trog accepts your kill.
Things that are here:
a +0 club; a goblin corpse The dart slug launches a dart at you.
The slug dart misses you.
There is a stone staircase leading down here.
The dart slug launches a dart at you. The slug dart misses you.
You sock the dart slug!
The dart slug is severely wounded.
You sock the dart slug!
You kill the dart slug!
Trog accepts your kill.
You see here a dart slug corpse.
Found a hammer.
Found a runed translucent door.
Crazy Yiuf shouts!
Crazy Yiuf cries, "Powder!
Two childish light."
Crazy Yiuf says, "Orb Xom down!"
You reach down and open the door.
You hit Crazy Yiuf but do no damage.
Crazy Yiuf hits you with a +2 quarterstaff of chaos.
Crazy Yiuf freezes you.
You completely miss Crazy Yiuf.
Crazy Yiuf hits you with a +2 quarterstaff of chaos.
You resist with some effort.
You closely miss Crazy Yiuf. Crazy Yiuf misses you.
Crazy Yiuf closely misses you.
You barely miss Crazy Yiuf.
Crazy Yiuf cries, "Lay!"
Crazy Yiuf hits you with a +2 quarterstaff of chaos!
You die...

# #†#.......# #
#.#.......# #
#.#.......# #
#.#...#####
###.#...#
....#...#######
#####....+..#.###
###
#........#..##...#
#.......####@g...#
###..+.## ###..)#
## ###### ### .#
.# .# .# .# ##


You could see Crazy Yiuf.

Vanquished Creatures
  An adder (D:2)
  2 dart slugs (D:2)
  5 ball pythons
  3 endoplasms
  2 giant cockroaches (D:1)
  5 goblins
  3 hobgoblins
  2 quokkas (D:1)
  3 bats
  A frilled lizard (D:1)
  A kobold (D:1)
  6 rats
34 creatures vanquished.

Notes
Turn   | Place    | Note
-------+----------+-------------------------------------------
     0 | D:1      | KittyFluff the Gargoyle Berserker began the quest for the
                  | Orb.
     0 | D:1      | Reached XP level 1. HP: 14/14 MP: 1/1
   304 | D:1      | Reached XP level 2. HP: 8/19 MP: 2/2
   968 | D:2      | Reached XP level 3. HP: 23/23 MP: 3/3
   970 | D:2      | Found Poboy's Distillery.
  1049 | D:2      | Reached skill level 4 in Maces & Flails
  1131 | D:2      | Reached ** piety under Trog
  1383 | D:2      | Found a runed translucent door.
  1384 | D:2      | Noticed Crazy Yiuf
  1391 | D:2      | Slain by Crazy Yiuf

Illustrated notes

Levels and vault maps discovered:
D:1:      dpeg_arrival_three_bigger_balls, layout_rooms, minivault_26
D:2:      layout_basic, chequers_ecumenical_altar_simple, serial_shops, shop,
          minmay_misc_feat_four_crosses, uniq_crazy_yiuf_cottage

Skill      XL: |  1  2  3 |
---------------+----------+-----
Maces & Flails | 4 |  4.1
Fighting       | |  3.5
Armour         | |  2.6
Dodging        | |  1.8

Action                   || total
-------------------------++-------
Melee: Mace              ||   126
Armor: Animal skin       ||    45
Dodge: Dodged            ||    73
